 Dungeon Crawl Stone Soup version 0.30.1-4-g462c640d31 (webtiles) character file.

Game seed: 8776125395052372148

471 mortz the Magician (level 7, -11/45 HPs)
             Began as a Djinni Air Elementalist on Sept 9, 2023.
             Mangled by Prince Ribbit (14 damage)
             ... on level 5 of the Dungeon.
             The game lasted 00:16:55 (4592 turns).

mortz the Magician (Djinni Air Elementalist)        Turns: 4592, Time: 00:16:56

Health: -11/45     AC:  4    Str:  9    XL:     7   Next: 31%
Gold:   243        EV: 12    Int: 17    God:
                   SH:  0    Dex: 13

rFire   + + .        k - +2 dagger (elec)
rCold   x . .        (no shield)
rNeg    . . .        b - +0 leather armour
rPois   ∞            (no helmet)
rElec   .            (no cloak)
rCorr   .            A - +0 pair of gloves
SInv    .            (boots unavailable)
Will    .....        (no amulet)
Stlth   ++           w - ring of wizardry
HPRegen 0.27/turn    (no ring)
MPRegen 0.00/turn

%: wizardry (x1), infuse magic (-12 HP)
@: flying
A: sickness immunity, fire resistance 2, cold vulnerability 1, float, innate
caster, HP casting, extra vitality 1
a: no special abilities


You were on level 5 of the Dungeon.
You visited 1 branch of the dungeon, and saw 5 of its levels.

You collected 243 gold pieces.

Inventory:

Hand Weapons
 k - a +2 dagger of electrocution (weapon)
Missiles
 e - a throwing net
 p - 5 poisoned darts
 u - 2 boomerangs
Armour
 a - a +0 robe
 b - a +0 leather armour (worn)
 A - a +0 pair of gloves (worn)
Magical Staves
 n - a staff of earth
 v - a staff of poison
Jewellery
 d - an amulet of faith
 w - a ring of wizardry (left hand)
Wands
 m - a wand of polymorph (8)
Scrolls
 c - a scroll of acquirement {unknown}
 h - a scroll of noise {unknown}
 j - a scroll of fog {unknown}
 l - a scroll of magic mapping {unknown}
 q - 3 scrolls of fear
 r - 2 scrolls of immolation {unknown}
 s - a scroll of poison {unknown}
 t - a scroll of brand weapon {unknown}
 y - a scroll of torment {unknown}
Potions
 f - 2 potions of brilliance
 g - 2 potions of invisibility
 i - a potion of heal wounds
 o - a potion of berserk rage
 x - 3 potions of attraction
 B - a potion of curing
 C - a potion of might {unknown}


   Skills:
 + Level 0.2 Fighting
 + Level 3.2 Armour
 + Level 3.2 Dodging
 + Level 2.5 Stealth
 + Level 4.7 Spellcasting


You knew the following spells:

 Your Spells              Type           Power      Damage    Failure   Level
a - Shock                 Conj/Air       80%        1d8       1%          1
b - Static Discharge      Conj/Air       40%        2-4/arc   1%          2
c - Swiftness             Air            20%        N/A       3%          3
d - Airstrike             Air            10%        2d(2-18)  12%         4
e - Summon Small Mammal   Summ           80%        N/A       1%          1
f - Wereblood             Tmut           20%        N/A       1%          2
g - Ensorcelled Hibernat  Hex/Ice        40%        N/A       1%          2
Your spell library was empty.

Dungeon Overview and Level Annotations

Branches:
Dungeon (5/15)
 Temple: D:4-7

Altars:

Annotations:
D:5 Prince Ribbit


Innate Abilities, Weirdness & Mutations

You are immune to sickness and miasma.
You are immune to poison.
Your flesh is very heat resistant. (rF++)
You are vulnerable to cold. (rC-)
You float through the air rather than walking.
You learn spells naturally, not from books.
Your magical power is your life essence.
You have superior vitality. (+4 MHP)


Message History

Casting: Airstrike (quite dangerous; 12% risk of failure)
Confirm with . or Enter, or press ? or * to list all spells.
Prince Ribbit is struck by an arc of lightning.
Prince Ribbit is heavily wounded.
You are struck by an arc of lightning.
Prince Ribbit is struck by an arc of lightning.
Prince Ribbit is heavily wounded.
You are struck by an arc of lightning.
The lightning grounds out.
Prince Ribbit blinks!
The zap hits Prince Ribbit.
Prince Ribbit is severely wounded.
The zap hits Prince Ribbit.
Prince Ribbit is severely wounded.
That beam is likely to hit you.
Continue anyway?
Okay, then.
You fly upwards.
There is a stone staircase leading down here.
You start resting.
HP restored.
You fly downwards.
Level annotation: Prince Ribbit Prince Ribbit hits you.
Prince Ribbit hits you!
There is a stone staircase leading up here.
Casting: Shock (safe; 1% risk of failure)
Confirm with . or Enter, or press ? or * to list all spells.
Prince Ribbit is struck by an arc of lightning.
Prince Ribbit is severely wounded.
You are struck by an arc of lightning.
Prince Ribbit is struck by an arc of lightning.
Prince Ribbit is severely wounded.
You are struck by an arc of lightning.
The lightning grounds out.
Prince Ribbit hits you!
* * * LOW HITPOINT WARNING * * *
Prince Ribbit hits you!
* * * LOW HITPOINT WARNING * * *
Casting: Static Discharge (safe; 1% risk of failure)
Confirm with . or Enter, or press ? or * to list all spells.
Okay, then.
Prince Ribbit hits you!
You die...

..... ....
#... ...
..### ...#
.
###..##...#
#..@......#
#.#F##....#
# #.. ...
#### .


You could see Prince Ribbit.

Vanquished Creatures
  A phantom (D:4)
  A scorpion (D:4)
  A wight (D:4)
  A howler monkey (D:4)
  2 hounds (D:4)
  7 gnolls
  3 adders
  2 worms (D:2)
  6 orcs
  3 endoplasms
  4 giant cockroaches
  7 goblins
  16 hobgoblins
  5 jackals
  6 kobolds
  4 quokkas
  8 ball pythons (D:1)
  6 bats
  A frilled lizard (D:3)
84 creatures vanquished.

Notes
Turn   | Place    | Note
-------+----------+-------------------------------------------
     0 | D:1      | mortz the Djinni Air Elementalist began the quest for the
                  | Orb.
     0 | D:1      | mortz set off with the following spells memorised: Shock,
                  | Static Discharge, Swiftness, Airstrike.
     0 | D:1      | Reached XP level 1. HP: 15/15 MP: 0/0
   239 | D:1      | Reached XP level 2. HP: 18/21 MP: 0/0
   362 | D:1      | Reached XP level 3. HP: 20/25 MP: 0/0
   362 | D:1      | Learned a level 1 spell: Summon Small Mammal
  1210 | D:2      | Reached XP level 4. HP: 29/31 MP: 0/0
  1403 | D:2      | Reached skill level 3 in Spellcasting
  2140 | D:3      | Reached XP level 5. HP: 18/35 MP: 0/0
  2140 | D:3      | Learned a level 2 spell: Wereblood
  3175 | D:4      | Noticed a phantom
  3183 | D:4      | Killed a phantom
  3184 | D:4      | Reached skill level 1 in Armour
  3184 | D:4      | Reached XP level 6. HP: 14/40 MP: 0/0
  3352 | D:4      | Reached skill level 4 in Spellcasting
  3967 | D:4      | Reached XP level 7. HP: 40/45 MP: 0/0
  3967 | D:4      | Learned a level 2 spell: Ensorcelled Hibernation
  4435 | D:5      | Entered Level 5 of the Dungeon
  4542 | D:5      | Noticed Prince Ribbit
  4592 | D:5      | Mangled by Prince Ribbit

Illustrated notes

Levels and vault maps discovered:
D:1:      grunt_arrival_lava_bath, layout_basic
D:2:      layout_loops_corners, minmay_heptomino_h4
D:3:      layout_loops_corners, minmay_joined_circles
D:4:      layout_basic, dreamdust_mushroom_princess
D:5:      layout_basic, amcnicky_altar_gilded, st_stairs_8, uniq_prince_ribbit1

Skill      XL: |  1  2  3  4  5  6  7 |
---------------+----------------------+-----
Stealth        | 2 |  2.5
Dodging        | 3 |  3.2
Spellcasting   | 3 4 |  4.7
Armour         | 1 2 3 |  3.2
Fighting       | |  0.2

Action                     |  1- 3 |  4- 6 |  7- 9 || total
---------------------------+-------+-------+-------++-------
   Cast: Shock             |    88 |   112 |    10 ||   210
         Static Discharge  |       |    20 |     7 ||    27
         Airstrike         |       |       |     1 ||     1
    Use: Scroll            |       |     7 |     1 ||     8
 Armour: Robe              |     1 |       |       ||     1
         Leather armour    |       |     3 |       ||     3
  Dodge: Dodged            |     9 |     8 |     3 ||    20
